 Dungeon Crawl Stone Soup version 0.29-a0-380-gf50f0a9fbc (webtiles) character file.

Game seed: 2771570913080044045

24 pyrow613 the Skirmisher (level 2, 28/28 HPs)
             Began as a Minotaur Fighter on May 5, 2022.
             Was a Follower of Kikubaaqudgha.
             Got out of the dungeon alive.
             The game lasted 00:01:14 (678 turns).

pyrow613 the Skirmisher (Minotaur Fighter)           Turns: 678, Time: 00:01:15

Health: 28/28      AC:  8    Str: 20    XL:     2   Next: 79%
Magic:  1/1        EV:  9    Int:  5    God:    Kikubaaqudgha [*.....]
Gold:   39         SH:  4    Dex:  9    Spells: 1/1 levels left

rFire   . . .      SeeInvis .   a - +0 war axe
rCold   . . .      Faith    .   c - +0 buckler
rNeg    . . .      Spirit   .   b - +0 scale mail
rPois   .          Reflect  .   (helmet restricted)
rElec   .          Harm     .   (no cloak)
rCorr   .          Rampage  .   (no gloves)
Will    .....                   h - +0 pair of boots
Stlth   ..........              (no amulet)
HPRegen 0.09/turn               (no ring)
MPRegen 0.07/turn               (no ring)

@: no status effects
A: horns 2, retaliatory headbutt
a: Renounce Religion, Receive Corpses


You escaped.
You worshipped Kikubaaqudgha.
Kikubaaqudgha was aware of your devotion.
You visited 1 branch of the dungeon, and saw 1 of its levels.

You collected 39 gold pieces.

Inventory:

Hand Weapons
 a - a +0 war axe (weapon)
Armour
 b - a +0 scale mail (worn)
 c - a +0 buckler (worn)
 h - a +0 pair of boots (worn)
Scrolls
 i - a scroll of identify {unknown}
 j - a scroll of enchant weapon {unknown}
Potions
 d - a potion of might
 e - 3 potions of brilliance {unknown}
 f - a potion of attraction {unknown}
 g - a potion of resistance {unknown}


   Skills:
 + Level 4.3 Fighting
 + Level 3.3 Axes
 - Level 3.6 Armour
 - Level 3.6 Shields


You had one spell level left.
You didn't know any spells.
Your spell library contained the following spells:

 Spells                   Type           Power      Damage    Failure   Level
 Animate Skeleton         Necr           0%         N/A       89%         1
 Sublimation of Blood     Necr           0%         N/A       96%         2
 Wereblood                Tmut           0%         N/A       96%         2
 Vampiric Draining        Necr           0%         2d6       99%         3
 Agony                    Necr           0%         N/A       100%        5
 Summon Hydra             Summ           0%         N/A       100%        7


Dungeon Overview and Level Annotations

Branches:
Dungeon (1/15)

Altars:
Kikubaaqudgha


Innate Abilities, Weirdness & Mutations

You have a pair of horns on your head.
You reflexively headbutt those who attack you in melee.


Message History

Found a stone staircase leading down.
You open the door.
There is an open door here.
Found a short sword.
You see here a +0 short sword.
You open the door.
An endoplasm comes into view.
The endoplasm quivers.
Found a faded altar of an unknown god.
An endoplasm is nearby!
An endoplasm is nearby!
An endoplasm is nearby!
You hit the endoplasm.
The endoplasm is moderately wounded.
The endoplasm hits you.
You slash the endoplasm!
You kill the endoplasm!
No target in view!
No target in view!
No target in view!
No target in view!
No target in view!
No target in view!
No target in view!
No target in view!
No target in view!
There is an open door here.
There is a faded altar of an unknown god here.
You cannot tell which god this altar belongs to.
Convert to them anyway?
Kikubaaqudgha accepts your prayer! Kikubaaqudgha welcomes you!
You can now receive cadavers from Kikubaaqudgha.
Kikubaaqudgha grants you a gift!
You add the spells Animate Skeleton, Vampiric Draining and Agony to your library.
There is an open door here.
You enter the shallow water.
Moving in this stuff is going to be slow.
There is a staircase leading out of the dungeon here.
Are you sure you want to leave the Dungeon?
This will make you lose the game!
You have escaped!

..# ##.....)#...#...#.......#
..# #...#...#..#..#...#....#
..# #....#..#.)#..#..#.....#
..# #.....#..#.#.#..#......#
### #..#...#.#.#.#.#...#...#
#...##..#.#.#.#..##....#
######.....##.#...#.##(.....#
.....#.......#.....#........#
..#.##.######...@...######..#
#.#.##.......#.....#........#
#.#.##.....##.#...#.##......#
#.#.##...##..#.#.#.#..##....#
#.#.##..#...#.#.#.#.#...#...###
#.#.##.....#..#.#.#..#.....>..#
#.#.##....#..#..#..#..#.......#
#
#.#.###..#...#..#..#...#......#
#
#.#.........#...#...#.....#...#
#


There were no monsters in sight!

Vanquished Creatures
  2 dart slugs (D:1)
  2 ball pythons (D:1)
  2 bats (D:1)
  2 endoplasms (D:1)
  A giant cockroach (D:1)
  A hobgoblin (D:1)
  2 quokkas (D:1)
  A frilled lizard (D:1)
  2 goblins (D:1)
  A kobold (D:1)
  2 rats (D:1)
18 creatures vanquished.

Notes
Turn   | Place    | Note
-------+----------+-------------------------------------------
     0 | D:1      | pyrow613 the Minotaur Fighter began the quest for the Orb.
     0 | D:1      | Reached XP level 1. HP: 19/19 MP: 0/0
    65 | D:1      | Reached skill level 4 in Fighting
   100 | D:1      | Reached XP level 2. HP: 27/27 MP: 1/1
   644 | D:1      | Found a faded altar of an unknown god.
   650 | D:1      | Prayed at the altar of an unknown god.
   650 | D:1      | Became a worshipper of Kikubaaqudgha
   650 | D:1      | Reached * piety under Kikubaaqudgha
   650 | D:1      | Received a gift from Kikubaaqudgha
   678 | D:$      | Got out of the dungeon alive.

Illustrated notes

Levels and vault maps discovered:
D:1:      minmay_arrival_radiant_lines, layout_basic,
          nicolae_ecumenical_lake_church, minmay_pentomino_x4

Skill      XL: |  1  2 |
---------------+-------+-----
Fighting       | 4 |  4.3
Axes           | 3 |  3.3
Armour         | |  3.6
Shields        | |  3.6

Action                   || total
-------------------------++-------
Melee: War axe           ||    28
       Headbutt          ||     4
Armor: Scale mail        ||    15
Dodge: Dodged            ||    12
Block: Buckler           ||     6

Table legend: (Time is in decaauts)
 A = Elapsed time spent in this place.
 B = Non-inter-level travel time spent in this place.
 C = Inter-level travel time spent in this place.
 D = Time resting spent in this place.
 E = Time spent auto-exploring this place.
 F = Levels seen in this place.
 G = Mean time per level.
                   A        B        C        D        E       F      G
               +--------+--------+--------+--------+--------+-----+--------+
         Total |    691 |    663 |     28 |      0 |    539 |   1 |  691.0 |
       Dungeon |    691 |    663 |     28 |      0 |    539 |   1 |  691.0 |
               +--------+--------+--------+--------+--------+-----+--------+

Top non-repeatable levels by time:
     D:1: 691 daAuts
